 Dungeon Crawl Stone Soup version 0.24.1-4-ge52af88ad5 (webtiles) character file.

Game seed: 15984922425730643143, levelgen mode: deterministic

507325 Peloso the Minotaur Barricade (level 23, -3/223 HPs)
             Began as a Minotaur Fighter on Apr 15, 2020.
             Was the Champion of Okawaru.
             Splashed by a tengu reaver's acid (4 damage)
             ... on level 5 of the Vaults.
             The game lasted 02:47:17 (52702 turns).

Peloso the Minotaur Barricade (Minotaur Fighter)   Turns: 52702, Time: 02:47:17

Health: -3/223     AC: 41    Str: 32    XL:     23   Next: 86%
Magic:  25/25      EV:  9    Int:  8    God:    Okawaru [******]
Gold:   4603       SH: 29    Dex: 12    Spells: 23/23 levels left

rFire    + . .     SeeInvis .   a - +9 double sword (slice)
rCold    + + .     Gourm    .   y - +1 large shield {rN+}
rNeg     + . .     Faith    .   M - +7 crystal plate armour of the Empire {Regen+}
rPois    .         Spirit   .   O - +2 hat
rElec    +         Reflect  .   B - scarf {rC+ rF+}
rCorr    +         Harm     .   G - +1 pair of gloves {Str+3}
MR       ++...                  h - +2 pair of boots {run}
Stlth    ..........             g - amulet "Nuengo" {+Rage rElec Int+3}
HPRegen  0.87/turn              o - ring of protection from magic
MPRegen  0.19/turn              c - ring "Woiwuosa" {rC+ rCorr}

@: lethally poisoned (-3 -> -4), lightly drained, quick
A: retaliatory headbutt, horns 2
}: 3/15 runes: decaying, serpentine, abyssal
a: Heroism, Finesse, Renounce Religion, Evoke Berserk Rage


You were on level 5 of the Vaults.
You worshipped Okawaru.
Okawaru was exalted by your worship.
You were not hungry.

You visited 8 branches of the dungeon, and saw 40 of its levels.
You visited the Abyss 2 times.
You visited 1 bazaar.
You also visited: Trove, Ossuary, Bailey and Volcano.

You collected 6074 gold pieces.
You spent 1471 gold pieces at shops.

Inventory:

Hand Weapons
 a - a +9 double sword of slicing (weapon)
 b - the +10 zealot's sword {holy, *Rage rN+ EV+3}
   (You acquired it on level 1 of the Vaults)

   It has been blessed by the Shining One to cause great damage to the undead
   and demons.
   It affects your evasion (+3).
   It protects you from negative energy.
   It may make you go berserk in combat.
 w - the +5 scimitar "Idasint" {flame, rPois rN++ Dex-3}
   (You found it on level 3 of the Elven Halls)

   It has been specially enchanted to burn those struck by it, causing extra
   injury to most foes and up to half again as much damage against particularly
   susceptible opponents.
   Big, fiery blades are also staple armaments of hydra-hunters.
   It affects your dexterity (-3).
   It protects you from poison.
   It greatly protects you from negative energy.
Armour
 h - a +2 pair of boots of running (worn)
 y - a +1 large shield of positive energy (worn)
 B - a scarf of resistance (worn)
 E - the +8 chain mail of Tocsaiti {rC+++ MR+ Slay-2 Stlth+}
   (Okawaru gifted it to you on level 5 of the Vaults)

   It affects your accuracy and damage with ranged weapons and melee attacks
   (-2).
   It renders you almost immune to cold.
   It affects your resistance to hostile enchantments.
   It makes you more stealthy.
 G - a +1 pair of gloves of strength (worn)
 M - the +7 crystal plate armour of the Empire (worn) {Regen+}
   (Okawaru gifted it to you on level 11 of the Dungeon)

   It increases your rate of regeneration.
 O - a +2 hat (worn)
Jewellery
 c - the ring "Woiwuosa" (right hand) {rC+ rCorr}
   (You found it on level 3 of the Elven Halls)

   [ring of resist corrosion]

   It protects you from cold.
   It provides partial protection from all sources of acid and corrosion.
 g - the amulet "Nuengo" (around neck) {+Rage rElec Int+3}
   (You found it in a treasure trove)

   [amulet of rage]

   It affects your intelligence (+3).
   It insulates you from electricity.
   It lets you go berserk.
 l - a +5 amulet of reflection
 m - the ring of the Median {rPois MR- Str+4 Slay+5}
   (You found it on level 3 of the Abyss)

   [ring of strength]

   It affects your strength (+4).
   It affects your accuracy and damage with ranged weapons and melee attacks
   (+5).
   It protects you from poison.
   It affects your resistance to hostile enchantments.
 o - a ring of protection from magic (left hand)
 t - an uncursed ring of poison resistance
 A - a cursed amulet of harm {unknown}
 F - an uncursed ring of see invisible
 J - an uncursed ring of flight
 N - the amulet of Vitality {Regen+ HP+15}
   (You took it off a vault sentinel on level 5 of the Vaults)

   [amulet of regeneration]

   It affects your health (+15).
   It increases your rate of regeneration.
Wands
 q - a wand of flame (13)
 r - a wand of digging (4)
 v - a wand of random effects (27)
 L - a wand of iceblast (11)
Scrolls
 e - 15 scrolls of remove curse
 j - 2 scrolls of teleportation
 s - 3 scrolls of magic mapping
 u - 6 scrolls of identify
 K - 7 scrolls of fear
 U - 3 scrolls of blinking
Potions
 d - 4 potions of might
 i - 10 potions of heal wounds
 k - 4 potions of agility
 n - 16 potions of curing
 p - 5 potions of resistance
 z - 7 potions of flight
 C - 3 potions of brilliance
 H - 2 potions of magic
 I - 6 potions of berserk rage
 Q - 4 potions of haste
Miscellaneous
 D - 2 sacks of spiders
 P - a lightning rod (4/4)
 R - a phial of floods
 S - a box of beasts
 T - a phial of floods
Comestibles
 f - 58 rations
 x - 7 chunks of flesh


   Skills:
 + Level 22.1(21.3) Fighting
 + Level 23.6(22.8) Long Blades
   Level 6.6(6.0) Axes
 + Level 1.0(0.5) Throwing
 + Level 19.0(18.2) Armour
 + Level 4.4(3.9) Dodging
 + Level 2.1(1.5) Stealth
 O Level 27(26.1) Shields
 + Level 1.5(1.0) Unarmed Combat
 + Level 0.5(0.0) Spellcasting
 + Level 4.8(4.3) Invocations
 + Level 1.5(1.0) Evocations


You had 23 spell levels left.
You didn't know any spells.
Your spell library contained the following spells:

 Spells                   Type           Power        Failure   Level  Hunger
 Animate Skeleton         Necr           N/A          99%         1    ##.....
 Apportation              Tloc           #.....       99%         1    ##.....
 Beastly Appendage        Tmut           #.....       99%         1    ##.....
 Confusing Touch          Hex            #.....       99%         1    ##.....
 Corona                   Hex            #......      99%         1    ##.....
 Flame Tongue             Conj/Fire      #....        99%         1    ##.....
 Freeze                   Ice            #...         99%         1    ##.....
 Infusion                 Chrm           #...         99%         1    ##.....
 Magic Dart               Conj           #...         99%         1    ##.....
 Sandblast                Erth           #.....       99%         1    ##.....
 Summon Butterflies       Summ           #.......     99%         1    ##.....
 Summon Small Mammal      Summ           #...         99%         1    ##.....
 Blink                    Tloc           N/A          100%        2    ###....
 Call Imp                 Summ           #.......     100%        2    ###....
 Ensorcelled Hibernation  Hex/Ice        #.....       100%        2    ###....
 Passwall                 Tmut/Erth      #.......     100%        2    ###....
 Poisonous Vapours        Pois/Air       #.....       100%        2    ###....
 Searing Ray              Conj           #.....       100%        2    ###....
 Shroud of Golubria       Chrm/Tloc      #.....       100%        2    ###....
 Slow                     Hex            #.......     100%        2    ###....
 Song of Slaying          Chrm           #.......     100%        2    ###....
 Sticks to Snakes         Tmut           #.......     100%        2    ###....
 Throw Flame              Conj/Fire      #.....       100%        2    ###....
 Throw Frost              Conj/Ice       #.....       100%        2    ###....
 Call Canine Familiar     Summ           #.......     100%        3    ####...
 Confuse                  Hex            #.......     100%        3    ####...
 Conjure Flame            Conj/Fire      #.......     100%        3    ####...
 Dazzling Spray           Conj/Hex       #.....       100%        3    ####...
 Gell's Gravitas          Tloc           #.........   100%        3    ####...
 Ignite Poison            Fire/Tmut/Pois #.......     100%        3    ####...
 Inner Flame              Hex/Fire       #.......     100%        3    ####...
 Mephitic Cloud           Conj/Pois/Air  #.......     100%        3    ####...
 Ozocubu's Armour         Chrm/Ice       #.......     100%        3    ####...
 Portal Projectile        Hex/Tloc       #.....       100%        3    ####...
 Recall                   Summ/Tloc      N/A          100%        3    ####...
 Regeneration             Chrm/Necr      #.........   100%        3    ####...
 Spectral Weapon          Hex/Chrm       #.......     100%        3    ####...
 Spider Form              Tmut/Pois      #.........   100%        3    ####...
 Static Discharge         Conj/Air       #.......     100%        3    ####...
 Stone Arrow              Conj/Erth      #.....       100%        3    ####...
 Summon Guardian Golem    Hex/Summ       #.......     100%        3    ####...
 Tukima's Dance           Hex            #.......     100%        3    ####...
 Force Lance              Conj/Tloc      #.......     100%        4    #####..
 Fulminant Prism          Conj/Hex       #.........   100%        4    #####..
 Ice Form                 Ice/Tmut       #.......     100%        4    #####..
 Iskenderun's Mystic Bla  Conj           #.......     100%        4    #####..
 Petrify                  Tmut/Erth      #.......     100%        4    #####..
 Sticky Flame             Conj/Fire      #.......     100%        4    #####..
 Summon Ice Beast         Ice/Summ       #.......     100%        4    #####..
 Throw Icicle             Conj/Ice       #.......     100%        4    #####..
 Aura of Abjuration       Summ           #.........   100%        5    ######.
 Blade Hands              Tmut           #.........   100%        5    ######.
 Bolt of Magma            Conj/Fire/Erth #.........   100%        5    ######.
 Borgnjor's Vile Clutch   Necr/Erth      #.........   100%        5    ######.
 Fireball                 Conj/Fire      #.........   100%        5    ######.
 Iskenderun's Battlesphe  Conj/Chrm      #.......     100%        5    ######.
 Lee's Rapid Deconstruct  Erth           #.........   100%        5    ######.
 Silence                  Hex/Air        #.........   100%        5    ######.
 Summon Demon             Summ           #.........   100%        5    ######.
 Summon Forest            Summ/Tloc      #.........   100%        5    ######.
 Summon Mana Viper        Hex/Summ       #.......     100%        5    ######.
 Venom Bolt               Conj/Pois      #.........   100%        5    ######.
 Bolt of Cold             Conj/Ice       #.........   100%        6    #######
 Darkness                 Hex            #.........   100%        6    #######
 Dispersal                Tloc           #.........   100%        6    #######
 Freezing Cloud           Conj/Ice/Air   #.........   100%        6    #######
 Iron Shot                Conj/Erth      #.........   100%        6    #######
 Shadow Creatures         Summ           N/A          100%        6    #######
 Simulacrum               Ice/Necr       #.........   100%        6    #######
 Orb of Destruction       Conj           #.........   100%        7    #######
 Ring of Flames           Chrm/Fire      #.........   100%        7    #######
 Spellforged Servitor     Conj/Summ      #.........   100%        7    #######
 Controlled Blink         Tloc           N/A          100%        8    #######
 Disjunction              Tloc           #.........   100%        8    #######


Dungeon Overview and Level Annotations

Branches:
Dungeon (15/15)            Temple (1/1) D:4            Lair (6/6) D:10
  Swamp (4/4) Lair:2        Snake (4/4) Lair:3        Slime (0/5) Lair:5
    Orc (2/2) D:11            Elf (3/3) Orc:2        Vaults (5/5) D:14
  Crypt (0/3) Vaults:3     Depths (0/5) D:15        Ossuary (visited)
 Bailey (visited)         Volcano (visited)

Altars:
Ashenzari
Cheibriados
Dithmenos
Elyvilon
Fedhas
Gozag
Hepliaklqana
Kikubaaqudgha
Makhleb
Nemelex Xobeh
Okawaru
Qazlal
Ru
Sif Muna
Trog
Vehumet
Wu Jian
Xom
Yredelemnul
Zin
The Shining One
Beogh
Jiyva

Shops:
D:5 ?   D:11 ?   Orc:2 (*}}**   Elf:2 *   Elf:3 :   Vaults:1 *   Vaults:2 :
Vaults:3 =

Annotations:
D:8 1 runed translucent door, VeryBadPlayer's ghost, novice MiFi
Vaults:2 1 runed translucent door, jlumianski's ghost, veteran KoBe


Innate Abilities, Weirdness & Mutations

You reflexively headbutt those who attack you in melee.
You have a pair of horns on your head.


Message History

The tengu reaver is almost dead.
You feel sick. You block the tengu reaver's attack. x3
Unknown command.
You hit the tengu reaver. Your headbutt misses the tengu reaver.
The tengu reaver is almost dead.
You feel sick.
Unknown command.
You slash the tengu reaver! Your headbutt misses the tengu reaver.
The tengu reaver is almost dead.
You feel sick. You block the tengu reaver's attack.
The tengu reaver barely misses you. You block the tengu reaver's attack.
Unknown command.
You closely miss the tengu reaver.
The tengu reaver is almost dead.
You feel sick.
The tengu reaver gestures at you while chanting.
The bolt of acid hits you! You resist.
* * * LOW HITPOINT WARNING * * *
You are splashed with acid.
You resist.
You die...

...###.###.##
...#...#...#
........... ##........
##........ #.......#
... #..Q..# ...#
##..@## #..#
##...))###....
#...†...#..%.%
##...(..*.# #..
##......## #.[#
##......## #..#
#.....#..## #..##
#.(##...###..###....##
#..###.##
##..#......#.


You could see a tengu reaver and a battlesphere.

Vanquished Creatures
  An ancient lich (Vaults:5)
  Sojobo (Vaults:3)
  Frederick (Vaults:5)
  Margery (Vaults:5)
  Saint Roka (Elf:3)
  Xtahua (Vaults:2)
  A golden dragon (Vaults:4)
  Nikola (Snake:3)
  A lich (Vaults:1)
  4 tentacled monstrosities
  Rupert (Lair:4)
  Jorgrun (Swamp:3)
  Asterion (Snake:1)
  3 deep elf blademasters
  2 sphinxes (Vaults:4)
  5 titans
  2 deep elf master archers (Elf:3)
  An Executioner (Abyss:3)
  2 tentacled starspawn (Abyss:3)
  Gastronok (Lair:1)
  Kirke (Lair:5)
  2 tengu reavers
  A storm dragon (Vaults:4)
  2 fire giants
  Roxanne (D:15)
  7 nagarajas
  A shadow dragon (Vaults:4)
  10 deep elf sorcerers
  11 vault wardens
  3 frost giants
  The ghost of Exporg the Severer, a journeyman FoFi of the Shining One (Orc:2)
  Aizul (Swamp:3)
  11 large abominations
  3 deep elf elementalists
  5 stone giants
  A war gargoyle (Vaults:5)
  7 very ugly things
  20 ironheart preservers
  7 deep elf demonologists
  7 deep elf annihilators
  The ghost of Neredeb the Covert, a journeyman OpAE of Gozag (Lair:5)
  8 ettins
  Snorg (Lair:3)
  2 death oozes (Lair:5)
  3 crystal guardians
  7 deep elf death magi
  13 ogre magi
  9 yaktaur captains
  A great orb of eyes (Vaults:3)
  2 great orbs of eyes (shapeshifter) (Abyss:4)
  2 deep elf high priests (Elf:3)
  4 fire dragons
  4 ice dragons
  33 vault guards
  Josephine (D:15)
  13 naga warriors
  3 rakshasas
  The ghost of Lotakhi the Thaumaturge, a journeyman SpWz of Sif Muna (Lair:6)
  10 centaur warriors
  Fannar (Orc:1)
  19 hydras
  10 alligators
  4 shambling mangroves
  Harold (Orc:1)
  39 two-headed ogres
  28 dancing weapons
  3 hell hogs (Abyss:3)
  10 anacondas
  3 deep troll earth magi (Vaults:4)
  3 death knights
  13 thrashing horrors
  11 shock serpents
  4 deep troll shamans (Vaults:2)
  Urug (Lair:5)
  6 orc high priests (Orc:2)
  14 deep elf knights
  11 naga sharpshooters
  4 hell knights
  A sun demon (Abyss:4)
  7 skeletal warriors
  3 wretched stars
  4 salamander mystics
  10 deep trolls
  A spatial maelstrom (Abyss:3)
  2 shadow wraiths (Vaults:4)
  A deep troll (shapeshifter) (Vaults:5)
  9 sea snakes (Snake:4)
  7 swamp dragons
  10 unseen horrors
  3 glowing orange brains
  A swamp dragon (shapeshifter) (Vaults:5)
  4 necromancers
  3 spriggan druids
  20 deep elf archers
  12 ironbrand convokers
  An obsidian statue (Orc:2)
  4 wizards
  3 flayed ghosts
  6 naga ritualists
  8 orc knights
  A lindwurm (Lair:6)
  An orb spider (shapeshifter) (Vaults:3)
  15 salamanders
  A fire giant zombie (Vaults:5)
  A mana viper (shapeshifter) (Vaults:4)
  A wolf spider (shapeshifter) (Abyss:4)
  An oklob plant (Lair:5)
  5 wolf spiders
  13 mana vipers
  57 deep elf magi
  8 cyclopes
  2 orc sorcerers
  A manticore (D:14)
  A moth of wrath (Swamp:3)
  32 ugly things
  A human skeleton (Vaults:1)
  An apocalypse crab (Abyss:3)
  16 vault sentinels
  2 guardian serpents (shapeshifter) (Abyss:4)
  A fire giant skeleton (Vaults:1)
  52 black mambas
  14 spiny frogs
  16 naga magi
  10 guardian serpents
  2 centaur skeletons
  6 elephants (Lair:3)
  2 molten gargoyles (Lair:6)
  2 gargoyles
  4 rime drakes
  A spiny frog (shapeshifter) (Vaults:3)
  25 yaktaurs
  A guardian mummy (D:14)
  3 freezing wraiths
  10 komodo dragons
  2 kobold demonologists
  A meliai (shapeshifter) (Elf:3)
  A tengu conjurer (D:14)
  6 trolls
  18 blink frogs
  A polar bear (Lair:5)
  9 raiju (Abyss:3)
  A tengu simulacrum (Vaults:5)
  A merfolk (D:10)
  A sphinx simulacrum (Vaults:5)
  10 tyrant leeches
  21 slime creatures
  18 hornets
  15 bog bodies
  A fire giant simulacrum (Vaults:5)
  A stone giant simulacrum (Vaults:5)
  11 hippogriffs
  7 dream sheep (Lair:4)
  A hippogriff (shapeshifter) (Vaults:2)
  3 air elementals
  2 frost giant simulacra
  4 shadows
  3 wyverns
  8 spriggans
  Sigmund (D:4)
  A vampire (D:13)
  10 yaks
  7 wraiths
  2 fire elementals
  8 water elementals
  4 basilisks
  5 hogs (Lair:5)
  A hog (shapeshifter) (Vaults:2)
  A human (shapeshifter) (D:15)
  3 hungry ghosts
  A steam dragon (Lair:6)
  A human simulacrum (Vaults:2)
  A chaos spawn (Abyss:3)
  21 vampire mosquitoes
  3 insubstantial wisps (Swamp:4)
  A soldier ant (shapeshifter) (D:15)
  55 nagas
  17 swamp worms
  15 wargs
  A swamp worm (shapeshifter) (Abyss:3)
  19 water moccasins
  2 soldier ants
  4 hell hounds (Lair:6)
  6 porcupines
  An ogre skeleton (Vaults:1)
  35 orc warriors
  3 ice beasts
  5 phantoms
  2 sky beasts
  8 swamp drakes
  A black bear (D:9)
  27 ogres
  A boggart (Vaults:3)
  20 centaurs
  12 crocodiles
  7 big kobolds
  5 earth elementals
  16 bullfrogs
  3 small abominations
  A scorpion (D:4)
  9 wights
  3 electric eels
  5 howler monkeys
  5 lava snakes (Lair:6)
  5 crimson imps
  3 centaur zombies
  9 starcursed masses (Abyss:3)
  A bullfrog zombie (D:11)
  5 hounds
  37 orc priests
  2 bullfrog skeletons
  12 jellies
  25 orc wizards
  3 iguanas
  10 worker ants
  A killer bee zombie (D:10)
  A hound skeleton (D:7)
  A mummy (Ossuary)
  A howler monkey zombie (D:8)
  2 worker ant zombies
  2 howler monkey skeletons
  16 adders
  2 shadow imps
  A white imp (Abyss:3)
  An ufetubus (Abyss:3)
  4 oozes
  4 worms
  2 dart slugs
  4 leopard geckos
  136 orcs
  2 ball pythons (D:4)
  5 bats
  7 giant cockroaches
  7 goblins
  8 hobgoblins
  6 jackals
  5 quokkas
  5 frilled lizards
  5 gnoll skeletons (Ossuary)
  A jackal skeleton (D:6)
  36 kobolds
  10 kobold skeletons (Ossuary)
  A leopard gecko skeleton (D:4)
  10 orc skeletons (Ossuary)
  24 rats
  A bush (Lair:5)
  4 fungi (Lair:2)
  2 plants (Lair:2)
  A starspawn tentacle (Abyss:3)
1801 creatures vanquished.

Vanquished Creatures (others)
  A tengu reaver (Vaults:3)
  A two-headed ogre (Vaults:2)
  3 centaur warriors
  5 naga sharpshooters
  2 salamander mystics (Snake:3)
  An ironbrand convoker (Vaults:2)
  2 ugly things
  A yaktaur (Vaults:2)
  A slime creature (Lair:5)
  A wyvern (shapeshifter) (Vaults:5)
  A naga (Snake:4)
  An orc warrior (D:14)
  A swamp drake (shapeshifter) (Vaults:2)
  4 centaurs
  An orc priest (Vaults:2)
  An ufetubus (Abyss:3)
  An adder skeleton (D:5)
  2 orcs
  3 kobolds
  8 fungi
  3 lurking horrors (Abyss:4)
  5 plants
  7 starspawn tentacles (Abyss:3)
56 creatures vanquished.

Grand Total: 1857 creatures vanquished

Notes
Turn   | Place    | Note
-------+----------+-------------------------------------------
     0 | D:1      | Peloso the Minotaur Fighter began the quest for the Orb.
     0 | D:1      | Reached XP level 1. HP: 19/19 MP: 0/0
   110 | D:1      | Reached XP level 2. HP: 27/27 MP: 1/1
   215 | D:1      | Reached skill level 4 in Shields
   363 | D:1      | Reached XP level 3. HP: 33/33 MP: 2/2
   953 | D:2      | Reached XP level 4. HP: 40/40 MP: 3/3
  1476 | D:3      | Reached skill level 5 in Long Blades
  1476 | D:3      | Reached XP level 5. HP: 39/46 MP: 4/4
  2022 | D:4      | Reached skill level 1 in Dodging
  2022 | D:4      | Reached XP level 6. HP: 39/53 MP: 5/5
  2125 | D:4      | Found a shattered altar of Ashenzari.
  2132 | D:4      | Found a sand-covered staircase.
  2136 | Ossuary  | Entered an ossuary
  2136 | Ossuary  | Noticed a wraith
  2136 | Ossuary  | Noticed a wraith
  2136 | Ossuary  | Noticed a wraith
  2333 | Ossuary  | Noticed a wraith
  2359 | Ossuary  | Killed a wraith
  2359 | Ossuary  | Reached skill level 5 in Shields
  2439 | D:4      | Noticed Sigmund
  2458 | D:4      | Killed Sigmund
  2458 | D:4      | Reached skill level 5 in Armour
  2458 | D:4      | Reached XP level 7. HP: 48/60 MP: 6/6
  2469 | D:4      | Found a staircase to the Ecumenical Temple.
  2480 | D:4      | Reached skill level 5 in Fighting
  2522 | Temple   | Entered the Ecumenical Temple
  2685 | Temple   | Became a worshipper of Warmaster Okawaru
  3168 | D:5      | Entered Level 5 of the Dungeon
  3171 | D:5      | You fall into a shaft and drop 2 floors!
  3199 | D:7      | Reached skill level 6 in Shields
  3482 | D:7      | Reached XP level 8. HP: 69/69 MP: 7/7
  3540 | D:7      | Found an ancient bone altar of Kikubaaqudgha.
  3818 | D:7      | Reached * piety under Okawaru
  4156 | D:6      | Reached skill level 7 in Shields
  4382 | D:6      | Found an ornate altar of the Wu Jian Council.
  4582 | D:6      | Found a white marble altar of Elyvilon.
  4948 | D:5      | Found Qumucro's Magic Scroll Emporium.
  5604 | D:5      | Reached ** piety under Okawaru
  5604 | D:5      | Reached skill level 8 in Shields
  5604 | D:5      | Reached XP level 9. HP: 75/75 MP: 8/8
  6122 | D:8      | Found a runed translucent door.
  6122 | D:8      | Noticed VeryBadPlayer's ghost (novice MiFi)
  6312 | D:8      | Reached skill level 9 in Shields
  6328 | D:8      | Reached *** piety under Okawaru
  6543 | D:8      | Found a basalt altar of Yredelemnul.
  6564 | D:8      | Found a shadowy altar of Dithmenos.
  6570 | D:8      | Found a sacrificial altar of Ru.
  6780 | D:8      | Reached skill level 1 in Stealth
  6895 | D:8      | Reached skill level 10 in Shields
  7109 | D:9      | Reached skill level 10 in Long Blades
  7120 | D:9      | Noticed a two-headed ogre
  7135 | D:9      | Killed a two-headed ogre
  7135 | D:9      | Reached XP level 10. HP: 39/86 MP: 9/9
  7429 | D:9      | Reached **** piety under Okawaru
  7429 | D:9      | Received a gift from Okawaru
  7442 | D:9      | Found a stormy altar of Qazlal.
  7442 | D:9      | Found an ancient bone altar of Kikubaaqudgha.
  7837 | D:9      | Found a blossoming altar of Fedhas.
  7884 | D:10     | Entered Level 10 of the Dungeon
  7890 | D:10     | Identified 2 scrolls of acquirement
  7916 | D:10     | Noticed a two-headed ogre
  7921 | D:10     | Killed a two-headed ogre
  7924 | D:10     | Found a staircase to the Lair.
  7961 | D:10     | Noticed a two-headed ogre
  7980 | D:10     | Reached skill level 11 in Shields
  7994 | D:10     | Killed a two-headed ogre
  7994 | D:10     | Reached skill level 1 in Invocations
  7996 | D:10     | Reached ***** piety under Okawaru
  8277 | D:10     | Found a flagged portal.
  8282 | Bailey   | Entered a bailey
  8653 | Bailey   | Reached XP level 11. HP: 94/94 MP: 10/10
  9112 | Bailey   | Got a fine plate armour
  9167 | Bailey   | Identified the +10 plate armour of Midsummer {rN+ Regen+}
                  | (You found it in a bailey)
  9416 | D:10     | Got a crude iron ring
 10014 | D:5      | Bought a scroll of acquirement for 520 gold pieces
 10158 | D:11     | Found Lesaar's Magic Scroll Boutique.
 10216 | D:11     | Received a gift from Okawaru
 10223 | D:11     | Got a dazzling crystal plate armour {god gift}
 10253 | D:11     | Identified the +7 crystal plate armour of the Empire
                  | {Regen+} (Okawaru gifted it to you on level 11 of the
                  | Dungeon)
 10254 | D:11     | Bought a scroll of identify for 22 gold pieces
 10267 | D:11     | Identified the ring of Midsummer {*Tele rN++ Int-2} (You
                  | found it on level 10 of the Dungeon)
 10384 | D:11     | Found a staircase to the Orcish Mines.
 10434 | D:11     | Noticed a four-headed hydra
 10442 | D:11     | Killed a nine-headed hydra
 10516 | D:11     | Reached skill level 12 in Shields
 10672 | D:11     | You fall into a shaft and drop 3 floors!
 10679 | D:14     | Got a faintly glowing hand axe
 10680 | D:14     | Identified the +7 hand axe "Ysyppu" {flame, Dex+4} (You
                  | found it on level 14 of the Dungeon)
 10766 | D:14     | Noticed a vault guard
 10836 | D:13     | Noticed a cyan ugly thing
 10863 | D:13     | Killed a cyan ugly thing
 10944 | D:13     | Noticed a centaur warrior
 10949 | D:13     | Killed a centaur warrior
 10949 | D:13     | Reached skill level 10 in Armour
 10951 | D:13     | Reached XP level 12. HP: 104/104 MP: 12/12
 11542 | D:13     | Reached skill level 13 in Shields
 11614 | D:12     | Received a gift from Okawaru
 12134 | D:12     | Noticed a centaur warrior
 12138 | D:12     | Killed a centaur warrior
 12246 | D:11     | You fall into a shaft and drop 2 floors!
 12468 | D:13     | Reached skill level 15 in Long Blades
 12773 | Lair:1   | Entered Level 1 of the Lair of Beasts
 13083 | Lair:1   | Noticed Gastronok
 13108 | Lair:1   | Killed Gastronok
 13108 | Lair:1   | Reached skill level 10 in Fighting
 13660 | Lair:2   | Found a staircase to the Swamp.
 13760 | Lair:2   | Noticed a six-headed hydra
 13773 | Lair:2   | Killed a one-headed hydra
 13773 | Lair:2   | Reached skill level 14 in Shields
 14728 | Lair:3   | Received a gift from Okawaru
 14728 | Lair:3   | Reached XP level 13. HP: 114/114 MP: 13/13
 14777 | Lair:3   | Identified a +1 pair of boots of running (Okawaru gifted it
                  | to you on level 3 of the Lair of Beasts)
 14914 | Lair:3   | Noticed Snorg
 14924 | Lair:3   | Killed Snorg
 14948 | Lair:3   | Found a staircase to the Snake Pit.
 15592 | Lair:4   | Noticed Rupert
 15610 | Lair:4   | Killed Rupert
 15610 | Lair:4   | Reached ****** piety under Okawaru
 15898 | Lair:4   | Reached skill level 15 in Shields
 16467 | Orc:1    | Entered Level 1 of the Orcish Mines
 16564 | Orc:1    | Found a roughly hewn altar of Beogh.
 16635 | Orc:1    | Noticed Fannar
 16636 | Orc:1    | Noticed Harold
 16662 | Orc:1    | Killed Harold
 16665 | Orc:1    | Killed Fannar
 16808 | Orc:2    | Entered Level 2 of the Orcish Mines
 16852 | Orc:2    | Received a gift from Okawaru
 16882 | Orc:2    | Found a roughly hewn altar of Beogh.
 17100 | Orc:2    | Found Ruzxaune's Assorted Antiques.
 17100 | Orc:2    | Found Ufupnib's Gadget Emporium.
 17145 | Orc:2    | Found Ewunut's Weapon Shoppe.
 17211 | Orc:2    | Paralysed by an orc sorcerer for 2 turns
 17214 | Orc:2    | Reached XP level 14. HP: 104/126 MP: 14/14
 17365 | Orc:2    | Found a staircase to the Elven Halls.
 17515 | Orc:2    | Found a runed translucent gate.
 17522 | Orc:2    | Found a runed translucent gate.
 17523 | Orc:2    | Found a runed translucent gate.
 17532 | Orc:2    | Found an opulent altar of Gozag.
 17532 | Orc:2    | Found Xuareby's Assorted Antiques.
 17540 | Orc:2    | Noticed Exporg's ghost (journeyman FoFi)
 17590 | Orc:2    | Found Fudaoten's General Store.
 17614 | Orc:2    | Found Weil Coa's Gadget Boutique.
 17747 | Orc:2    | Killed Exporg's ghost
 17747 | Orc:2    | Reached skill level 16 in Shields
 18242 | D:14     | Found a portal to a secret trove of treasure.
 18792 | D:14     | Paralysed by an ogre mage for 7 turns
 18805 | D:14     | Paralysed by an ogre mage for 2 turns
 18809 | D:14     | Paralysed by an ogre mage for 2 turns
 18812 | D:14     | Received a gift from Okawaru
 18815 | D:14     | Got a distressingly furry cloak {god gift}
 18826 | D:14     | Identified the -5 cloak "Sadopegg" {*Drain rF+ rC+ Dex+4}
                  | (Okawaru gifted it to you on level 14 of the Dungeon)
 18850 | D:14     | Found a gate to the Vaults.
 19235 | D:5      | Bought a scroll of enchant weapon for 75 gold pieces
 19235 | D:5      | Bought a scroll of enchant weapon for 75 gold pieces
 19235 | D:5      | Bought a scroll of enchant armour for 75 gold pieces
 19597 | D:11     | Bought a scroll of blinking for 82 gold pieces
 20963 | Lair:5   | Noticed Urug
 21011 | Lair:5   | Killed Urug
 21042 | Lair:5   | Found a runed translucent gate.
 21043 | Lair:5   | Found a runed translucent gate.
 21044 | Lair:5   | Found a runed translucent gate.
 21044 | Lair:5   | Noticed Neredeb's ghost (journeyman OpAE)
 21084 | Lair:5   | Found a dark tunnel.
 21090 | Volcano  | Entered a volcano
 21177 | Volcano  | Reached skill level 17 in Shields
 21753 | Lair:5   | Noticed Kirke
 21842 | Lair:5   | Killed Kirke
 21842 | Lair:5   | Reached skill level 1 in Axes
 21887 | Lair:5   | Found a viscous altar of Jiyva.
 21931 | Lair:5   | Found a staircase to the Slime Pits.
 22198 | Lair:6   | Entered Level 6 of the Lair of Beasts
 22392 | Lair:6   | Received a gift from Okawaru
 22406 | Lair:6   | Got an iridescent great sword {god gift}
 22482 | Lair:6   | Reached XP level 15. HP: 128/133 MP: 15/15
 22835 | Lair:6   | Found a runed translucent door.
 23132 | Lair:6   | Found a large runed translucent door.
 23132 | Lair:6   | Found a large runed translucent door.
 23199 | Lair:6   | Got a steaming dagger
 23201 | Lair:6   | Identified the +12 great sword "Jeji" {elec, rElec rPois}
                  | (Okawaru gifted it to you on level 6 of the Lair of Beasts)
 23543 | Lair:6   | Noticed Lotakhi's ghost (journeyman SpWz)
 23560 | Lair:6   | Killed Lotakhi's ghost
 23567 | Lair:6   | Received a gift from Okawaru
 23837 | Lair:5   | Reached skill level 18 in Shields
 23851 | Lair:5   | Killed Neredeb's ghost
 24019 | Lair:2   | Identified the +6 dagger of Dishonour {venom, +Fly rF+
                  | Str+4} (You found it on level 6 of the Lair of Beasts)
 24351 | D:15     | Entered Level 15 of the Dungeon
 24477 | D:15     | Paralysed by an ogre mage for 3 turns
 24873 | D:15     | Noticed Josephine
 24888 | D:15     | Killed Josephine
 24965 | D:15     | Noticed Roxanne
 24982 | D:15     | Killed Roxanne
 24982 | D:15     | Received a gift from Okawaru
 25241 | D:15     | Found a staircase to the Depths.
 25542 | Swamp:1  | Entered Level 1 of the Swamp
 26238 | Swamp:1  | Received a gift from Okawaru
 26473 | Swamp:2  | Reached XP level 16. HP: 140/144 MP: 16/16
 26610 | Swamp:2  | Reached skill level 19 in Shields
 26959 | Swamp:2  | Identified the Catalogue of Blistering Battle Magic
 27278 | Swamp:3  | Noticed Aizul
 27298 | Swamp:3  | Killed Aizul
 27394 | Swamp:3  | Noticed Jorgrun
 27411 | Swamp:3  | Killed Jorgrun
 28108 | Swamp:4  | Entered Level 4 of the Swamp
 28367 | Swamp:4  | Reached skill level 20 in Shields
 28368 | Swamp:4  | Reached skill level 5 in Axes
 28729 | Swamp:4  | Got a decaying rune of Zot
 29067 | Swamp:4  | Received a gift from Okawaru
 29424 | Snake:1  | Entered Level 1 of the Snake Pit
 29635 | Snake:1  | Reached skill level 15 in Fighting
 29978 | Snake:1  | Noticed Asterion
 29991 | Snake:1  | Killed Asterion
 29991 | Snake:1  | Reached XP level 17. HP: 136/153 MP: 15/17
 30019 | Snake:1  | Received a gift from Okawaru
 30022 | Snake:1  | Got a bloodstained quarterstaff {god gift}
 30023 | Snake:1  | Identified the +10 quarterstaff of Wofouhy {freeze, rPois
                  | rF+ Str+4} (Okawaru gifted it to you on level 1 of the
                  | Snake Pit)
 30947 | Snake:2  | Found an opulent altar of Gozag.
 30976 | Snake:2  | Reached skill level 21 in Shields
 32026 | Snake:3  | Found a flickering gateway to a bazaar.
 32031 | Bazaar   | Entered a bazaar
 32044 | Bazaar   | Found Gurrue's Magic Scroll Shop.
 32067 | Bazaar   | Found Hayxteli's Magic Scroll Shop.
 32075 | Bazaar   | Bought a scroll of blinking for 97 gold pieces
 32075 | Bazaar   | Found Rishrogi's Antique Weapon Shoppe.
 32079 | Bazaar   | Found Etra's Armour Boutique.
 32521 | Snake:3  | Received a gift from Okawaru
 32859 | Snake:3  | Noticed Nikola
 32872 | Snake:3  | Killed Nikola
 33270 | Snake:4  | Entered Level 4 of the Snake Pit
 33367 | Snake:4  | Reached skill level 22 in Shields
 33372 | Snake:4  | Reached skill level 15 in Armour
 33647 | Snake:4  | HP: 7/155 [anaconda (1)]
 33904 | Snake:4  | Found a sacrificial altar of Ru.
 33988 | Snake:4  | Reached XP level 18. HP: 166/166 MP: 18/18
 34225 | Snake:4  | Received a gift from Okawaru
 34965 | Snake:4  | Got a serpentine rune of Zot
 35078 | Snake:4  | Received a gift from Okawaru
 35081 | Snake:4  | Got a pitted dagger {god gift}
 35152 | Snake:4  | Reached skill level 23 in Shields
 35575 | Lair:2   | Identified the +2 dagger "Nano Qed" {pain, rF+ rC- MR+
                  | Str+3} (Okawaru gifted it to you on level 4 of the Snake
                  | Pit)
 35648 | Lair:2   | Reached skill level 1 in Throwing
 35648 | Lair:2   | Reached skill level 1 in Unarmed Combat
 35648 | Lair:2   | Reached skill level 1 in Evocations
 35648 | Lair:2   | Reached XP level 19. HP: 174/174 MP: 18/20
 35893 | D:14     | You paid a toll of a +7 demon trident to enter a treasure
                  | trove
 35894 | Trove    | Entered a treasure trove
 35904 | Trove    | Got a bound jade amulet
 35906 | Trove    | Identified the amulet "Nuengo" {+Rage rElec Int+3} (You
                  | found it in a treasure trove)
 35914 | Trove    | Identified Oqakej's Tome of Execration and the Frostbite
 35930 | Trove    | Got a fine demon blade
 35931 | Trove    | Identified the +1 demon blade of Woe {pain, Str+8 Dex-3}
                  | (You found it in a treasure trove)
 35934 | Trove    | Got a polished demon blade
 35935 | Trove    | Identified the +11 demon blade of Rareb {pain, rF+ rC+
                  | Str+4 Dex-3} (You found it in a treasure trove)
 35937 | Trove    | Got a smoking dagger
 35938 | Trove    | Identified the cursed +2 dagger "Fiuwyn" {pierce, *Drain
                  | rElec rF++} (You found it in a treasure trove)
 36409 | Vaults:1 | Entered Level 1 of the Vaults
 36414 | Vaults:1 | Found the +10 zealot's sword {holy, *Rage rN+ EV+3}
 36420 | Vaults:1 | Got a steaming hat
 36431 | Vaults:1 | Identified the +0 hat of the Guilds {rPois Str-4 Int+4
                  | Dex+3} (You acquired it on level 1 of the Vaults)
 37062 | Vaults:1 | Found Saaghad's Assorted Antiques.
 37074 | Vaults:1 | Bought a scroll of teleportation for 84 gold pieces
 37074 | Vaults:1 | Bought a scroll of teleportation for 84 gold pieces
 37371 | Vaults:1 | Received a gift from Okawaru
 37417 | Vaults:1 | Received a gift from Okawaru
 37750 | Vaults:1 | Noticed a lich
 37766 | Vaults:1 | Killed a lich
 37773 | Vaults:1 | Reached XP level 20. HP: 184/184 MP: 21/21
 37841 | Vaults:1 | Reached skill level 24 in Shields
 38511 | Elf:1    | Entered Level 1 of the Elven Halls
 38730 | Elf:1    | Identified Qurr's Volume of Companions
 39828 | Elf:2    | Received a gift from Okawaru
 40041 | Elf:2    | Found a runed translucent gate.
 40041 | Elf:2    | Found a runed translucent gate.
 40042 | Elf:2    | Found a runed translucent gate.
 40183 | Elf:2    | Found Daoh's General Store.
 40193 | Elf:2    | Bought a potion of heal wounds for 105 gold pieces
 40193 | Elf:2    | Bought a wand of digging (2) for 252 gold pieces
 40404 | Elf:3    | Entered Level 3 of the Elven Halls
 40408 | Elf:3    | Found Umevuc's Book Shoppe.
 40428 | Elf:3    | Noticed Saint Roka
 40459 | Elf:3    | Killed Saint Roka
 40708 | Elf:3    | Received a gift from Okawaru
 41550 | Elf:3    | Reached skill level 25 in Shields
 41932 | Elf:3    | Got a clouded copper ring
 42301 | Lair:2   | Identified the ring "Vevuahep" {rElec rC+} (You found it on
                  | level 3 of the Elven Halls)
 43135 | Elf:3    | Got a heavily runed pewter ring
 43155 | Elf:3    | Got a brightly glowing scimitar
 43156 | Elf:3    | Identified the +5 scimitar "Idasint" {flame, rPois rN++
                  | Dex-3} (You found it on level 3 of the Elven Halls)
 43160 | Elf:3    | Identified the ring "Woiwuosa" {rC+ rCorr} (You found it on
                  | level 3 of the Elven Halls)
 43165 | Elf:3    | Got a jade-encrusted scale mail
 43166 | Elf:3    | Identified the +1 scale mail "Olenel" {Int+2} (You found it
                  | on level 3 of the Elven Halls)
 43201 | Elf:3    | Got a shimmering tin ring
 43209 | Elf:3    | Identified A Primer on Thaumaturgy
 43260 | Elf:3    | Identified the ring "Puhyq" {+Inv MP+9} (You found it on
                  | level 3 of the Elven Halls)
 43270 | Elf:3    | Got a crude scale mail
 43271 | Elf:3    | Identified the +0 scale mail "Otoplios" {Str+3 Dex+2} (You
                  | found it on level 3 of the Elven Halls)
 43643 | Elf:2    | Reached XP level 21. HP: 195/195 MP: 22/22
 43740 | Elf:2    | Received a gift from Okawaru
 44329 | Elf:2    | Received a gift from Okawaru
 45002 | Vaults:2 | Noticed Xtahua
 45053 | Vaults:2 | Killed Xtahua
 45562 | Vaults:2 | You fall into a shaft and drop 2 floors!
 45591 | Vaults:4 | Received a gift from Okawaru
 45701 | Vaults:4 | Reached skill level 26 in Shields
 46867 | Vaults:3 | Found a staircase to the Crypt.
 46867 | Vaults:3 | Found a basalt altar of Yredelemnul.
 46869 | Vaults:3 | Found an ancient bone altar of Kikubaaqudgha.
 46995 | Vaults:3 | Noticed Sojobo
 47022 | Vaults:3 | Killed Sojobo
 47046 | Vaults:3 | Received a gift from Okawaru
 47262 | Vaults:3 | Reached XP level 22. HP: 179/206 MP: 19/23
 47717 | Vaults:3 | Found Okiec's Jewellery Shop.
 48337 | Vaults:2 | Received a gift from Okawaru
 48400 | Vaults:2 | Found Buxenaq's Book Shoppe.
 48467 | Vaults:2 | Reached skill level 27 in Shields
 48468 | Vaults:2 | Found a runed translucent door.
 48470 | Vaults:2 | Noticed jlumianski's ghost (veteran KoBe)
 48471 | Vaults:2 | Found a shimmering altar of Xom.
 49752 | Vaults:5 | Entered Level 5 of the Vaults
 50313 | Vaults:5 | Paralysed by a sphinx for 4 turns
 50787 | Vaults:5 | Noticed an ancient lich
 50795 | Vaults:5 | Cast into level 3 of the Abyss (vault warden)
 50795 | Abyss:3  | Found a corrupted altar of Lugonu.
 50818 | Abyss:3  | Got a pitted tin ring
 51003 | Abyss:4  | Received a gift from Okawaru
 51054 | Abyss:4  | Got an abyssal rune of Zot
 51116 | Abyss:4  | Found a corrupted altar of Lugonu.
 51130 | Vaults:5 | Escaped the Abyss
 51133 | Vaults:5 | Killed an ancient lich
 51133 | Vaults:5 | Received a gift from Okawaru
 51133 | Vaults:5 | Reached XP level 23. HP: 96/218 MP: 24/24
 51716 | Vaults:5 | Received a gift from Okawaru
 51724 | Vaults:5 | Got a brightly glowing chain mail {god gift}
 51725 | Vaults:5 | Identified the +8 chain mail of Tocsaiti {rC+++ MR+ Slay-2
                  | Stlth+} (Okawaru gifted it to you on level 5 of the Vaults)
 51726 | Vaults:5 | Identified the ring of the Median {rPois MR- Str+4 Slay+5}
                  | (You found it on level 3 of the Abyss)
 51901 | Vaults:5 | Cast into level 3 of the Abyss (vault warden)
 52234 | Vaults:5 | Escaped the Abyss
 52240 | Vaults:5 | Noticed Margery
 52357 | Vaults:5 | Killed Margery
 52453 | Vaults:5 | Noticed Frederick
 52462 | Vaults:5 | Killed Frederick
 52691 | Vaults:5 | HP: 9/223 [tengu reaver/+3 glaive of venom (9)]
 52702 | Vaults:5 | HP: 1/223 [tengu reaver/bolt of acid (17)]
 52702 | Vaults:5 | Splashed by a tengu reaver's acid

Levels and vault maps discovered:
D:1:      dpeg_arrival_stonehenge_8_columns, layout_loops_ring,
          solitary_fountain, minmay_pentomino_s2
D:2:      layout_rooms, first_ration, minmay_rat_hole
D:3:      layout_loops_ring
D:4:      layout_gridville, ashenzari_conservatory_becter,
          minmay_temple_entry_drinking_statues,
          nicolae_ossuary_entry_false_entrances, uniq_sigmund
D:5:      layout_loops_ring, serial_shops, shop, gup_sewer_entry_glass,
          lemuel_flamethrower_2
D:6:      layout_loops_corners, old_standard_altar, lemuel_doored_altar
D:7:      layout_basic, basic_altar
D:8:      minmay_opposing_rooms, layout_cave_pools, minitemple,
          ebering_ghost_inner_flame
D:9:      layout_roguey, kennysheep_mini, gammafunk_temple_overflow_wave
D:10:     layout_basic, erik_lair_orcish_takeover, enter_bailey_3,
          hangedman_fish_farm
D:11:     layout_small_grid, hiddenorc2_lemuel, serial_shops, shop
D:12:     layout_cave_pods, due_unseen_surprise
D:13:     layout_basic
D:14:     layout_rooms, grunt_vaults_entry_fortified,
          nicolae_trove_entry_path_of_doom, minmay_misc_feat_nine_boxes,
          st_stairs_1
D:15:     grunt_enter_depths_hoard, layout_loops_ring, uniq_roxanne,
          uniq_josephine
Temple:   nicolae_temple_figure_eight
Lair:1:   layout_loops_ring, serial_bayou_pond_a, serial_bayou_shore_a,
          lemuel_fruit_tree, uniq_gastronok
Lair:2:   layout_gridlike, nicolae_swamp_entry_splash_gauntlet
Lair:3:   layout_gridlike, guppyfry_snake_entry_island, grunt_megastairs_3,
          uniq_snorg
Lair:4:   layout_loops_ring, uniq_rupert
Lair:5:   layout_roguey, nicolae_slime_entry_slimehenge, gammafunk_ghost_ooze,
          nicolae_volcano_entry_s_turn, minmay_lair_oklob_bushes, uniq_urug,
          uniq_kirke
Lair:6:   cheibrodos_lair_end_hotspot, layout_hall_layers,
          ebering_ghost_inner_flame, st_stairs_7
Swamp:1:  layout_falls_marsh, evilmike_swamp_ruin_house_1,
          infiniplex_staircase_pool
Swamp:2:  layout_basic_swamp, evilmike_swamp_ruin_rubble_1,
          nicolae_swamp_dense_foliage
Swamp:3:  layout_basic_swamp, nicolae_swamp_fairy_circle, swamp_pool3,
          worms_lemuel, uniq_aizul, uniq_jorgrun
Swamp:4:  swamp_alternative, layout_basic_swamp, infiniplex_staircase_pool_2
Snake:1:  layout_chambers, uniq_asterion
Snake:2:  layout_grid_maze, basic_altar
Snake:3:  cheibrodos_snake_lava_hold, layout_gridlike, serial_shops,
          bzr_entry_road, hangedman_venom_bottle, uniq_nikola
Snake:4:  grunt_snake_rune_pools, layout_cave_town, basic_altar
Orc:1:    layout_caves, mines2_david, uniq_fannar, uniq_harold
Orc:2:    st_orc_town, layout_caves, ebering_ghost_gozag, serial_shops,
          nicolae_shop_crystal
Elf:1:    eino_elf_arrival_customs, layout_geoelf_grid, serial_sigils,
          serial_sigils_hangedman_gut, serial_sigils_hangedman_leer,
          serial_sigils_hangedman_quiver, serial_sigils_hangedman_gut,
          serial_sigils_hangedman_clutch, minmay_elf_demonology
Elf:2:    layout_geoelf_diagonals, serial_shops, nicolae_shop_statue_plus
Elf:3:    minmay_elf_hall, layout_loops_corners, serial_shops, shop,
          uniq_saint_roka
Vaults:1: v_rooms_5, ontoclasm_vaults_loading_screen,
          nicolae_vaults_lopsided_apartments, dpeg_vaults_monster_row,
          vaults_room_grid, v_misc_13, grunt_vaults_diagonal, v_rooms_2,
          ontoclasm_vaults_chip, nicolae_vaults_circle_grid_b, v_misc_4,
          v_misc_5, vaults_room_pool, v_misc_19, layout_vaults_maze_bifur,
          serial_shops, nicolae_shop_overgrown_old_shop
Vaults:2: ebering_vaults_ghost_xom, st_hourglassy, hangedman_vaults_stream,
          v_misc_1, ontoclasm_vaults_misaligned, vaults_room_large_hall,
          nicolae_vaults_little_ls, layout_vaults_omnicross, serial_shops,
          nicolae_shop_behind_doors, uniq_xtahua
Vaults:3: v_rooms_6, ontoclasm_vaults_ring_small, nicolae_vaults_circle_grid_a,
          vaults_mumra_minichess_inversion, minmay_crypt_entry_necro_gods,
          nicolae_vaults_angled_halls, vaults_mumra_minichess, v_rooms_5,
          layout_vaults_omnigrid, serial_shops, shop, uniq_sojobo
Vaults:4: v_misc_10, ontoclasm_vaults_tryst, v_pattern_4,
          ontoclasm_vaults_pinch, ontoclasm_vaults_decontamination,
          nicolae_vaults_mini_display_case, layout_vaults_big_room
Vaults:5: uniq_margery, uniq_frederick

Skill      XL: |  1  2  3  4  5  6  7  8  9 10 11 12 13 14 15 16 17 18 19 20 21 22 23 |
---------------+----------------------------------------------------------------------+-----
Armour         | 4 5 6 7 8 10 11 12 13 14 15 16 17 18 19 | 19.0
Fighting       | 4 5 6 7 8 9 10 12 13 14 15 16 17 18 19 20 22 | 22.1
Shields        | 4 5 6 8 10 11 12 14 15 17 18 20 22 23 25 26 27 | 27.0
Long Blades    | 3 5 6 7 8 10 12 14 15 16 17 18 19 20 21 22 23 | 23.6
Dodging        | 1 2 3 4 |  4.4
Stealth        | 1 2 |  2.1
Invocations    | 1 2 3 4 |  4.8
Axes           | 1 4 6 |  6.6
Throwing       | 1 |  1.0
Unarmed Combat | 1 |  1.5
Evocations     | 1 |  1.5
Spellcasting   | |  0.5

Action                   |  1- 3 |  4- 6 |  7- 9 | 10-12 | 13-15 | 16-18 | 19-21 | 22-24 || total
-------------------------+-------+-------+-------+-------+-------+-------+-------+-------++-------
Melee: Long sword        |    86 |   164 |   352 |    60 |       |       |       |       ||   662
       Headbutt          |     7 |    32 |    79 |   139 |   253 |   266 |   348 |   298 ||  1422
       Double sword      |       |       |       |   597 |  1076 |  1080 |  1310 |   719 ||  4782
       Hand axe          |       |       |       |     7 |    56 |    68 |       |       ||   131
       Unarmed           |       |       |       |       |     9 |       |       |       ||     9
       Eudemon blade     |       |       |       |       |       |       |       |   251 ||   251
Invok: Heroism           |       |       |     4 |     3 |    11 |     6 |     8 |    10 ||    42
       Finesse           |       |       |       |     1 |     1 |       |       |     3 ||     5
Evoke: Wand              |       |       |       |     4 |       |     2 |     3 |     2 ||    11
  Use: Potion            |       |     5 |       |       |     2 |     4 |     5 |     9 ||    25
       Scroll            |       |     6 |     2 |    25 |     9 |     7 |    18 |     6 ||    73
 Stab: Distracted        |       |       |       |       |       |       |     1 |       ||     1
  Eat: Chunk             |       |     3 |    11 |    37 |    40 |     9 |    31 |    11 ||   142
       Ration            |       |     1 |     1 |     3 |     3 |     5 |     1 |     2 ||    16
Armor: Scale mail        |    50 |    57 |    40 |       |       |       |       |       ||   147
       Plate armour      |       |       |    80 |   109 |       |       |   139 |       ||   328
       Chain mail        |       |       |     3 |       |       |       |       |       ||     3
       Crystal plate arm |       |       |       |   227 |   587 |   517 |   217 |   518 ||  2066
       Skin              |       |       |       |       |     6 |       |       |       ||     6
Dodge: Dodged            |    33 |    54 |    67 |   125 |   183 |   168 |   190 |   245 ||  1065
Block: Shield            |    52 |   113 |   256 |   660 |   280 |       |       |       ||  1361
       Reflection        |       |       |     4 |    50 |    16 |   187 |       |       ||   257
       Large shield      |       |       |       |       |  1141 |  1812 |  1562 |  1424 ||  5939
       Other             |       |       |       |       |     5 |       |       |       ||     5
       Rpst.: Long sword |    11 |    14 |    21 |     2 |       |       |       |       ||    48
       Double sword      |       |       |       |    18 |    29 |    36 |    44 |    23 ||   150
       Eudemon blade     |       |       |       |       |       |       |       |    12 ||    12
